 Dungeon Crawl Stone Soup version 0.30-a0-924-g0ad0bf95bc (webtiles) character file.

Game seed: 17666557939843742371

124295 Lobster4 the Covert (level 16, -6/81 HPs)
             Began as a Spriggan Warper on Mar 22, 2023.
             Was the Champion of Fedhas.
             Succumbed to a wolf spider's poison
             ... on level 3 of the Spider Nest on Mar 23, 2023.
             The game lasted 02:51:08 (40092 turns).

Lobster4 the Covert (Spriggan Warper)              Turns: 40092, Time: 02:51:09

Health: -6/81      AC:  6    Str:  7    XL:     16   Next: 38%
Magic:  32/32      EV: 29    Int: 14    God:    Fedhas [******]
Gold:   2218       SH: 10    Dex: 23    Spells: 21/38 levels left

rFire   + . .      SeeInvis +    a - +2 dagger (venom)
rCold   + . .      Faith    .    D - +3 buckler
rNeg    . . .      Spirit   .    q - +2 robe {rC+ rF+}
rPois   +          Reflect  .    w - +2 hood of the Assassin {Detect Stab+ Stlth++}
rElec   .          Rampage  .    N - scarf {repulsion}
rCorr   .                        (gloves unavailable)
Will    ++...                    (boots unavailable)
Stlth   ++++++++                 v - amulet of the acrobat
HPRegen 0.33/turn                h - +4 ring of slaying
MPRegen 0.23/turn                Q - ring of poison resistance

@: lethally poisoned (-6 -> -29), spiked, repel missiles, very quick
A: very small, no large weapons, unfitting armour, see invisible, speed 3
a: Renounce Religion, Wall of Briars, Grow Ballistomycete, Overgrow, Grow Oklob


You were on level 3 of the Spider Nest.
You worshipped Fedhas.
Fedhas was exalted by your worship.
You visited 5 branches of the dungeon, and saw 27 of its levels.
You also visited: Bailey.

You collected 2688 gold pieces.
You spent 470 gold pieces at shops.

Inventory:

Hand Weapons
 a - a +2 dagger of venom (weapon)
 b - a +9 hand crossbow of freezing
 m - a +2 sling
 y - a +4 dagger of draining
 A - the +1 dagger "Deomipe" {flame, rPois Int+5 Dex+3 SInv}
   (You bought it in a shop on level 15 of the Dungeon)

   Int:       It affects your intelligence (+5).
   Dex:       It affects your dexterity (+3).
   rPois:     It protects you from poison.
   SInv:      It lets you see invisible.
 C - a +0 rapier
 M - a +2 short sword of holy wrath
Missiles
 c - 17 poisoned darts
 d - 4 boomerangs of dispersal
 g - 33 boomerangs (quivered)
 I - 11 atropa-tipped darts
 J - a throwing net
 T - 6 curare-tipped darts
Armour
 q - a +2 robe of resistance (worn)
 t - a +2 robe of willpower
 w - the +2 hood of the Assassin (worn) {Detect Stab+ Stlth++}
   (You acquired it on level 4 of the Lair of Beasts)

   Detect:    It allows the wearer to sense nearby creatures.
   Stab+:     It allows the wearer to make particularly effective stabbing
   attacks against helpless or unaware enemies with any weapon.
   Stlth:     It makes you much more stealthy.
 D - a +3 buckler (worn)
 N - a scarf of repulsion (worn)
Jewellery
 h - a +4 ring of slaying (left hand)
 v - an amulet of the acrobat (around neck)
 z - a ring of flight
 F - a +6 ring of dexterity
 Q - a ring of poison resistance (right hand)
 R - a ring of protection from fire
Wands
 O - a wand of digging (1)
 U - a wand of paralysis (9)
 Z - a wand of iceblast (3)
Scrolls
 e - 2 scrolls of immolation
 j - a scroll of enchant weapon
 n - a scroll of magic mapping
 o - 5 scrolls of silence
 p - 3 scrolls of poison
 s - 6 scrolls of identify
 u - 7 scrolls of teleportation
 V - 3 scrolls of fog
 X - a scroll of butterflies
Potions
 f - 5 potions of might
 i - 6 potions of haste
 l - 8 potions of mutation
 r - 5 potions of brilliance
 x - 2 potions of cancellation
 G - a potion of invisibility
 H - a potion of berserk rage
 L - 4 potions of curing
 P - a potion of lignification
 W - 3 potions of ambrosia
 Y - 2 potions of magic
Miscellaneous
 E - a phial of floods


   Skills:
 + Level 8.2 Fighting
 + Level 10.8 Short Blades
 * Level 10.7 Ranged Weapons
 - Level 3.0 Throwing
 - Level 3.0 Armour
 + Level 12.8 Dodging
 + Level 14.4 Stealth
 - Level 6.0 Shields
 + Level 11.7 Spellcasting
 + Level 9.8 Hexes
 + Level 14.1 Translocations
 + Level 6.9 Ice Magic
 + Level 7.5 Invocations
 - Level 3.0 Evocations


You had 21 spell levels left.
You knew the following spells:

 Your Spells              Type           Power      Damage    Failure   Level
a - Blink                 Tloc           94%        N/A       1%          2
b - Teleport Other        Tloc           47%        N/A       1%          3
c - Ensorcelled Hibernat  Hex/Ice        62%        N/A       1%          2
d - Manifold Assault      Tloc           47%        N/A       1%          4
e - Frozen Ramparts       Ice            54%        1d9       2%          3
f - Ozocubu's Armour      Ice            27%        N/A       2%          3

Your spell library contained the following spells:

 Spells                   Type           Power      Damage    Failure   Level
 Freeze                   Ice            100%       1d10      1%          1
 Lesser Beckoning         Tloc           94%        N/A       1%          2
 Vhi's Electric Charge    Tloc/Air       56%        N/A       2%          3
 Cause Fear               Hex            17%        N/A       2%          4
 Inner Flame              Hex/Fire       22%        N/A       6%          3
 Hailstorm                Conj/Ice       17%        3d6       12%         3
 Metabolic Englaciation   Hex/Ice        15%        N/A       14%         5
 Anguish                  Hex/Necr       11%        N/A       22%         4
 Leda's Liquefaction      Hex/Erth       11%        N/A       22%         4
 Static Discharge         Conj/Air       16%        2-3/arc   24%         2
 Ice Form                 Ice/Tmut       17%        N/A       36%         4
 Summon Ice Beast         Ice/Summ       17%        N/A       36%         4
 Spider Form              Tmut/Pois      8%         N/A       43%         3
 Stone Arrow              Conj/Erth      16%        3d8       43%         3
 Animate Armour           Summ/Erth      16%        N/A       85%         4
 Disjunction              Tloc           23%        N/A       97%         8
 Arcjolt                  Conj/Air       4%         1d14      99%         5
 Fireball                 Conj/Fire      4%         3d4       99%         5
 Iskenderun's Battlesphe  Conj           8%         2d6       99%         5
 Lee's Rapid Deconstruct  Erth           4%         3d5*      99%         5
 Plasma Beam              Fire/Air       4%         2x1d15    99%         5
 Simulacrum               Ice/Necr       8%         N/A       99%         6
 Conjure Ball Lightning   Conj/Air       4%         3x3d6     100%        6
 Statue Form              Tmut/Erth      5%         N/A       100%        6
 Orb of Destruction       Conj           4%         9d5       100%        7
 Spellforged Servitor     Conj/Summ      4%         N/A       100%        7
 Discord                  Hex            17%        N/A       100%        8
 Lehudib's Crystal Spear  Conj/Erth      4%         10d3      100%        8


Dungeon Overview and Level Annotations

Branches:
Dungeon (15/15)            Temple (1/1) D:4            Lair (5/5) D:9
  Swamp (0/4) Lair:2       Spider (4/4) Lair:3        Slime (0/5) Lair:4
    Orc (2/2) D:10            Elf (0/3) Orc:2        Vaults (0/5) D:13
 Depths (0/4) D:15         Bailey (visited)

Altars:
Ashenzari
Cheibriados
Dithmenos
Elyvilon
Fedhas
Gozag
Hepliaklqana
Kikubaaqudgha
Makhleb
Nemelex Xobeh
Okawaru
Qazlal
Ru
Sif Muna
Trog
Uskayaw
Vehumet
Wu Jian
Xom
Yredelemnul
Zin
The Shining One

Shops:
D:7 !   D:15 (   Orc:2 ?[[(:

Annotations:
Lair:5 2 transporters, ZappyNine's ghost, journeyman DsVM
Spider:1 2 transporters, exclusion: orange crystal statue, Agnes; Roxanne


Innate Abilities, Weirdness & Mutations

You are very small and have problems with some larger weapons.
You are too small for most types of armour.
You have supernaturally acute eyesight. (SInv)
You cover ground extremely quickly. (Speed+++)


Message History

The torpor snail is almost dead.
The torpor snail bites you!
You hit the torpor snail but do no damage.
The torpor snail looks as sick as possible!
The torpor snail is almost dead.
You block the torpor snail's attack.
You puncture the torpor snail!
You kill the torpor snail!
Fedhas appreciates your contribution to the ecosystem.
You feel yourself speed up.
No target in view!
You start resting.
HP restored.
You climb downwards.
The jumping spider closely misses you. The jumping spider bites you.
The wolf spider barely misses you. The wolf spider completely misses you.
The steelbarb worm hits you but does no damage.
You block the jumping spider's attack. The jumping spider misses you.
The wolf spider completely misses you. The wolf spider bites you!
The steelbarb worm hits you!
Barbed spikes become lodged in your body.
The wolf spider's many legs skitter.
There is a stone staircase leading up, spattered with blood here.
The barbs in your skin will harm you if you move.
Continue?
The jumping spider barely misses you. You block the jumping spider's attack.
The wolf spider misses you.
The wolf spider bites you but does no damage.
The jumping spider pounces on you!
You are caught in a web!
The jumping spider completely misses you.
The wolf spider hits you. The wolf spider bites you!
You are poisoned.
The wolf spider poisons you! The steelbarb worm hits you!!
* * * LOW HITPOINT WARNING * * *
Barbed spikes become lodged in your body.
The culicivora's many legs skitter faintly.
The barbed spikes dig painfully into your body as you move.
* * * LOW HITPOINT WARNING * * *
You climb upwards.
You die...
Fedhas appreciates your contribution to the ecosystem.

.#..#^..^.^.............).......#
##.####...............#..)##....#
###.##..#....##.###........##.##.
.###.###......###.#......###....#
......#.......##.^......## ##....
.#..#.........##.#.#..#..# #.†.#
.#.###.......#..^...#.#.## ##..#
.....#......##.s#s.......# #...
....###......#.w@#.......######†#
....###.###.....##^...^#..#..{..#
##.#^######......................
.####†....#^#.#^...........#..#..
## #.##...#....#...........######
##.......####......###...#
##.#......####.(.........##
#.#......##..##..........##
####.....###..##....#...#.#


You could see a steelbarb worm, a wolf spider and a jumping spider.

Vanquished Creatures
  Jorgrun (Spider:1)
  Gastronok (Lair:2)
  Donald (Spider:1)
  2 orc warlords (Orc:2)
  A very ugly thing (D:15)
  2 broodmothers
  An entropy weaver (Spider:2)
  Josephine (D:11)
  A fire dragon (D:14)
  A great orb of eyes (D:15)
  An entropy weaver (shapeshifter) (D:13)
  Erolcha (Orc:1)
  A catoblepas (Lair:2)
  3 rakshasas
  5 radroaches
  3 centaur warriors
  4 hydras
  8 boulder beetles
  2 dancing weapons (D:13)
  2 tengu warriors (D:14)
  4 death yaks
  2 orc high priests
  5 two-headed ogres
  Urug (Lair:4)
  Sonja (Lair:4)
  A fire crab (shapeshifter) (D:14)
  Nergalle (Lair:3)
  4 skeletal warriors (D:12)
  A skyshark (Lair:2)
  2 goliath frogs (Lair:5)
  2 sun moths
  6 pharaoh ants
  5 orb spiders
  2 lindwurms
  12 wolf spiders
  5 steelbarb worms
  4 deep elf pyromancers
  A harpy (shapeshifter) (D:15)
  7 ugly things
  7 orc knights
  4 orc sorcerers (Orc:2)
  2 manticores
  6 cyclopes
  5 black mambas
  3 torpor snails
  A gargoyle (D:12)
  3 demonic crawlers
  19 cane toads
  A kobold demonologist (D:10)
  A freezing wraith (D:15)
  2 rime drakes
  A komodo dragon (shapeshifter) (D:14)
  9 komodo dragons
  2 tengu conjurers (D:14)
  14 meliai
  4 tyrant leeches
  7 trolls
  Grinder (D:6)
  3 hornets (D:9)
  7 tarantellas
  10 saltlings
  15 dream sheep
  Prince Ribbit (D:9)
  A snapping turtle (shapeshifter) (D:15)
  14 blink frogs
  7 slime creatures
  18 jumping spiders
  Sigmund (D:3)
  9 culicivoras
  2 vampires
  A shadow (D:12)
  7 wraiths
  53 yaks
  25 redbacks
  13 vampire mosquitoes
  2 basilisks
  A wyvern (Lair:2)
  A steam dragon (D:9)
  A fire elemental (D:11)
  2 swamp worms (Lair:2)
  4 wargs
  9 water moccasins
  An acid dragon (D:9)
  An ice beast (D:4)
  A sky beast (D:8)
  3 black bears (D:8)
  18 orc warriors
  6 ogres
  14 wolves
  10 centaurs
  A phantom (D:5)
  A kobold brigand (D:10)
  14 bullfrogs
  A gnoll sergeant (D:11)
  3 scorpions
  An earth elemental (D:11)
  A water moccasin zombie (D:5)
  4 wights (D:8)
  A killer bee (D:10)
  An electric eel (Lair:2)
  A bullfrog zombie (D:5)
  3 hounds
  A gnoll bouda (D:8)
  3 jellies
  11 orc priests
  16 orc wizards
  4 iguanas
  17 gnolls
  8 adders
  A shadow imp (D:6)
  2 white imps
  2 ufetubi
  5 worms
  2 dart slugs
  54 orcs
  8 bats
  9 endoplasms
  3 giant cockroaches
  6 goblins
  8 hobgoblins
  9 jackals
  19 kobolds
  4 quokkas
  3 training dummies (Orc:2)
  8 ball pythons
  7 frilled lizards
  6 rats
  A butterfly (Lair:2)
710 creatures vanquished.

Vanquished Creatures (collateral kills)
  A wyvern (D:10)
1 creature vanquished.

Vanquished Creatures (others)
  An air elemental (D:11)
  A water elemental (D:11)
  2 bushes
  37 fungi
  7 pillars of salt (Orc:2)
  183 plants
231 creatures vanquished.

Grand Total: 942 creatures vanquished

Notes
Turn   | Place    | Note
-------+----------+-------------------------------------------
     0 | D:1      | Lobster4 the Spriggan Warper began the quest for the Orb.
     0 | D:1      | Reached XP level 1. HP: 10/10 MP: 5/5
   221 | D:1      | Reached XP level 2. HP: 15/15 MP: 6/6
   561 | D:1      | Reached skill level 1 in Stealth
   575 | D:1      | Found a faded altar of an unknown god.
   724 | D:1      | Learned a level 2 spell: Blink
  1049 | D:2      | Reached XP level 3. HP: 18/18 MP: 8/8
  1361 | D:2      | Learned a level 2 spell: Ensorcelled Hibernation
  1474 | D:2      | Reached XP level 4. HP: 23/23 MP: 9/9
  1619 | D:2      | Reached skill level 5 in Translocations
  2347 | D:3      | Noticed Sigmund
  3027 | D:4      | Reached XP level 5. HP: 24/26 MP: 11/11
  3186 | D:4      | Reached skill level 1 in Hexes
  3532 | D:4      | Found a staircase to the Ecumenical Temple.
  3541 | Temple   | Entered the Ecumenical Temple
  3548 | Temple   | Became a worshipper of Fedhas Madash
  3765 | D:5      | Entered Level 5 of the Dungeon
  3777 | D:5      | Reached skill level 1 in Ranged Weapons
  3777 | D:5      | Reached XP level 6. HP: 30/30 MP: 12/12
  3844 | D:4      | Reached skill level 1 in Ice Magic
  3945 | D:5      | Found a stormy altar of Qazlal.
  4136 | D:5      | Got the Treatise on Congregated Injury
  4269 | D:5      | Noticed an ice beast
  4351 | D:4      | Killed an ice beast
  4352 | D:4      | Reached skill level 1 in Invocations
  4352 | D:4      | Reached XP level 7. HP: 35/35 MP: 14/14
  4852 | D:5      | Found a basalt altar of Yredelemnul.
  4929 | D:6      | Found a sacrificial altar of Ru.
  4950 | D:6      | Noticed Grinder
  4989 | D:6      | Killed Grinder
  4990 | D:6      | Reached skill level 1 in Evocations
  5160 | D:6      | Reached * piety under Fedhas
  5161 | D:6      | Reached skill level 5 in Dodging
  5161 | D:6      | Reached XP level 8. HP: 40/40 MP: 15/15
  5733 | D:6      | Found an ancient bone altar of Kikubaaqudgha.
  6169 | D:7      | Reached skill level 1 in Armour
  6382 | D:7      | Found a sparkling altar of Nemelex Xobeh.
  6386 | D:7      | Found a glowing silver altar of Zin.
  6391 | D:7      | Found a white marble altar of Elyvilon.
  6743 | D:7      | Found a snail-covered altar of Cheibriados.
  6959 | D:7      | Found Ranum's Distillery.
  6968 | D:7      | Bought a potion of invisibility for 104 gold pieces
  6968 | D:7      | Bought a potion of berserk rage for 65 gold pieces
  7221 | D:8      | Reached skill level 5 in Stealth
  7246 | D:8      | Reached skill level 5 in Spellcasting
  7265 | D:8      | Found a flagged portal.
  7274 | D:8      | Reached ** piety under Fedhas
  7331 | Bailey   | Entered a bailey
  7458 | Bailey   | Reached XP level 9. HP: 44/44 MP: 17/17
  7742 | Bailey   | Reached skill level 1 in Shields
  7905 | D:8      | Found an ornate altar of the Wu Jian Council.
  8639 | D:8      | Found a broken altar of Ashenzari.
  8974 | D:9      | Learned a level 3 spell: Teleport Other
  8991 | D:9      | Noticed a centaur warrior
  8992 | D:9      | Noticed a deep elf pyromancer
  9668 | D:9      | Noticed a boulder beetle
  9694 | D:9      | Killed a boulder beetle
  9695 | D:9      | Reached skill level 5 in Short Blades
  9826 | D:8      | Reached XP level 10. HP: 43/44 MP: 20/20
 10033 | D:9      | Reached *** piety under Fedhas
 10057 | D:9      | Noticed a two-headed ogre
 11072 | D:9      | Found a staircase to the Lair.
 11134 | D:9      | Killed a two-headed ogre
 11364 | D:9      | Killed a centaur warrior
 11472 | D:9      | Noticed Prince Ribbit
 11477 | D:9      | Killed Prince Ribbit
 11587 | D:9      | Killed a deep elf pyromancer
 11753 | D:10     | Entered Level 10 of the Dungeon
 12050 | D:3      | Killed Sigmund
 12220 | D:9      | Reached skill level 5 in Ranged Weapons
 12220 | D:9      | Reached XP level 11. HP: 51/54 MP: 22/22
 12252 | D:10     | Found a staircase to the Orcish Mines.
 13009 | D:11     | Reached skill level 5 in Fighting
 13616 | D:11     | Reached **** piety under Fedhas
 13741 | D:11     | Noticed Josephine
 13924 | Orc:1    | Entered Level 1 of the Orcish Mines
 14183 | Orc:2    | Entered Level 2 of the Orcish Mines
 14186 | Orc:2    | Noticed a two-headed ogre
 14190 | Orc:2    | Noticed an orc sorcerer
 14270 | Lair:1   | Entered Level 1 of the Lair of Beasts
 14904 | D:9      | Learned a level 4 spell: Manifold Assault
 15429 | Lair:1   | Reached skill level 10 in Translocations
 15570 | Lair:1   | Reached XP level 12. HP: 60/60 MP: 23/25
 15803 | Lair:1   | Reached ***** piety under Fedhas
 16074 | Lair:2   | Noticed a catoblepas
 16113 | Lair:2   | Killed a catoblepas
 16614 | Lair:2   | Reached skill level 5 in Hexes
 16653 | Lair:2   | Noticed Gastronok
 16724 | Lair:2   | Reached skill level 10 in Stealth
 17139 | Lair:2   | Killed Gastronok
 17336 | Lair:2   | Reached skill level 5 in Invocations
 17454 | Lair:2   | Found a staircase to the Swamp.
 17734 | Lair:2   | Noticed a six-headed hydra
 17743 | Lair:2   | Killed a six-headed hydra
 18364 | Lair:3   | Noticed Nergalle
 18432 | Lair:3   | Found a hole to the Spider Nest.
 19191 | Lair:3   | Killed Nergalle
 19192 | Lair:3   | Reached XP level 13. HP: 65/65 MP: 27/27
 19216 | Lair:4   | Noticed Urug
 19282 | Lair:4   | Learned a level 3 spell: Frozen Ramparts
 19521 | Lair:4   | Reached skill level 10 in Dodging
 19750 | Lair:4   | Killed Urug
 20319 | Lair:4   | Found a runed translucent door.
 20320 | Lair:4   | Found a staircase to the Slime Pits.
 20561 | Lair:4   | Noticed Sonja
 20564 | Lair:4   | Killed Sonja
 20786 | Lair:4   | You fall into a shaft and drop 1 floor!
 20786 | Lair:5   | Entered Level 5 of the Lair of Beasts
 21579 | Lair:5   | Reached skill level 5 in Shields
 21693 | Lair:5   | Found a bloodstained altar of Trog.
 21941 | Lair:5   | Reached ****** piety under Fedhas
 22528 | Lair:5   | Found a transporter.
 22533 | Lair:5   | Noticed ZappyNine's ghost (journeyman DsVM)
 22547 | Lair:5   | Found a transporter.
 22593 | Lair:5   | Reached skill level 5 in Ice Magic
 23541 | Lair:5   | Reached XP level 14. HP: 70/70 MP: 2/28
 24392 | Lair:4   | Identified 2 scrolls of acquirement
 24392 | Lair:4   | Acquired the +2 hood of the Assassin {Detect Stab+ Stlth++}
 24392 | Lair:4   | Found the +2 hood of the Assassin {Detect Stab+ Stlth++}
 24405 | Lair:4   | Acquired a +9 hand crossbow of freezing
 25108 | Orc:1    | Noticed Erolcha
 25172 | Orc:1    | Killed Erolcha
 25175 | Orc:1    | Reached skill level 10 in Spellcasting
 25324 | Orc:2    | Found Oteirph's Book Boutique.
 25353 | Orc:2    | Found Pall's Firing Range.
 25434 | Orc:2    | Found a staircase to the Elven Halls.
 25628 | Orc:2    | Noticed an orc warlord
 26047 | Orc:2    | Killed an orc warlord
 26212 | Orc:2    | Noticed an orc warlord
 26272 | Orc:2    | Killed an orc warlord
 26477 | Orc:2    | Found Uneubryi's Antique Armour Boutique.
 26479 | Orc:2    | Found Nasmuat's Antique Armour Boutique.
 26511 | Orc:2    | Found Vuathisk's Magic Scroll Shop.
 26523 | Orc:2    | Bought a scroll of blinking for 112 gold pieces
 26569 | Orc:2    | Found Wacso's General Store.
 26872 | D:11     | Killed Josephine
 26987 | D:11     | Found a large runed translucent door.
 26987 | D:11     | Found a large runed translucent door.
 29144 | D:13     | Reached XP level 15. HP: 41/75 MP: 30/30
 29519 | D:13     | Found a gate to the Vaults.
 29831 | D:14     | Reached skill level 10 in Short Blades
 30093 | D:14     | Found a hide-covered altar of Uskayaw.
 30414 | D:15     | Entered Level 15 of the Dungeon
 30552 | D:15     | Found an ornate altar of the Wu Jian Council.
 30583 | D:15     | Found Reve's Antique Weapon Emporium.
 30593 | D:15     | Bought an iridescent dagger for 189 gold pieces
 30593 | D:15     | Identified the +1 dagger "Deomipe" {flame, rPois Int+5
                  | Dex+3 SInv} (You bought it in a shop on level 15 of the
                  | Dungeon)
 31513 | D:15     | Found a staircase to the Depths.
 31842 | Spider:1 | Entered Level 1 of the Spider Nest
 33059 | Spider:1 | Noticed Roxanne
 33075 | Spider:1 | Noticed Donald
 33083 | Spider:1 | Found a transporter.
 33199 | Spider:1 | Noticed Agnes
 33207 | Spider:1 | Noticed an emperor scorpion
 33313 | Spider:1 | Killed Donald
 33359 | Spider:1 | You fall into a shaft and drop 1 floor!
 33820 | Spider:1 | Found a transporter.
 33822 | Spider:1 | Noticed an emperor scorpion
 34181 | Spider:1 | Noticed Jorgrun
 34215 | Spider:1 | Killed Jorgrun
 34216 | Spider:1 | Reached skill level 10 in Ranged Weapons
 35789 | Spider:2 | Reached XP level 16. HP: 44/81 MP: 32/32
 36944 | Spider:3 | HP: 1/81 [meliai/divine providence (11)]
 38895 | Spider:3 | Learned a level 3 spell: Ozocubu's Armour
 38896 | Spider:4 | Entered Level 4 of the Spider Nest
 39452 | Spider:3 | HP: 1/81 [meliai/+0 hand axe (9)]
 40092 | Spider:4 | HP: 2/81 [barbs]
 40092 | Spider:3 | Succumbed to a wolf spider's poison

Illustrated notes

Levels and vault maps discovered:
D:1:      dpeg_arrival_refuge, layout_loops_ring,
          chequers_ecumenical_altar_island, serial_bayou_pond_c
D:2:      layout_basic, minmay_three_crescents
D:3:      layout_rooms, uniq_sigmund
D:4:      layout_basic, temple_hall
D:5:      layout_cave_pools, nicolae_qazlal_general_emergency,
          lemuel_zombie_altar_yredelemnul
D:6:      layout_basic, mainiacjoe_overflow_alcove_1, overflow_temple_1_default,
          uniq_grinder
D:7:      layout_loops_cross, grunt_temple_overflow_diamond,
          lemuel_doored_altar, serial_rivers, chequers_serial_rivers_micro_a,
          chequers_serial_rivers_room_b, chequers_serial_rivers_room_b,
          chequers_serial_rivers_marsh, serial_shops, nicolae_shop_waterfront,
          minmay_misc_feat_five, glass_columns_a
D:8:      black_bear_nest_2, layout_loops_cross,
          mainiacjoe_overflow_tiny_flanked, mainiacjoe_overflow_small_starburst,
          enter_bailey_7
D:9:      minmay_distorted_concentric_squares, layout_basic,
          david_lair_shrubbed, uniq_prince_ribbit1
D:10:     layout_rooms, orc_0_dummy, minmay_fractal_squares_diagonal_5
D:11:     layout_loops_cross, serial_rivers, chequers_serial_rivers_room_a,
          chequers_serial_rivers_large_a, chequers_serial_rivers_room_a,
          chequers_serial_rivers_marsh, chequers_serial_rivers_micro_b,
          lightli_elemental_guards, uniq_josephine
D:12:     layout_loops_ring
D:13:     layout_basic, erik_vaults_1, nicolae_water_bricks,
          amcnicky_mini_pool_small
D:14:     layout_basic, chequers_serial_rivers_small_b, st_stairs_4,
          nicolae_uskayaw_murder_on_the_dancefloor
D:15:     gammafunk_enter_depths_forms, layout_cave_pools, serial_shops,
          nicolae_square_shop, small_statue_intersection,
          nicolae_wu_jian_wuxing_cycle
Temple:   nicolae_temple_no_exploring_needed
Lair:1:   layout_cave_pods, beast_lair_carwin_2, grunt_megastairs_5,
          infiniplex_staircase_pool
Lair:2:   layout_misc_corridors, minmay_swamp_entry_worms, st_stairs_3,
          chequers_serial_rivers_micro_e, lemuel_fruit_fields,
          serial_bayou_shore_a, uniq_gastronok
Lair:3:   layout_regular_city, spider_nest_entry_rubble,
          hangedman_lair_unloving_vines, lemuel_fruit_tree, uniq_nergalle
Lair:4:   layout_layer_cave, slime_entry_2, uniq_sonja, uniq_urug
Lair:5:   minmay_lair_end_frog_pond, layout_cave_shapes,
          gammafunk_ghost_wrathful_warriors, minivault_25
Spider:1: gammafunk_sealed_arena, hangedman_spider_tarantella_strand,
          uniq_agnes, uniq_jorgrun, uniq_roxanne, uniq_donald
Spider:2: layout_cave_pods
Spider:3: layout_spider_delve
Spider:4: hellmonk_spider_rune_bug_friends
Orc:1:    layout_diamond_mine, basic_altar, uniq_erolcha
Orc:2:    hellmonk_orc_salted, layout_caves, serial_shops, shop,
          nicolae_shop_firing_range

Skill      XL: |  1  2  3  4  5  6  7  8  9 10 11 12 13 14 15 16 |
---------------+-------------------------------------------------+-----
Stealth        | 1 2 3 4 5 6 8 9 10 11 12 14 | 14.4
Spellcasting   | 3 4 5 6 7 8 9 10 11 | 11.7
Translocations | 5 6 7 9 10 11 12 13 14 | 14.1
Fighting       | 2 3 4 5 6 7 8 |  8.2
Throwing       | 2 3 |  3.0
Dodging        | 4 5 6 7 8 9 10 11 12 | 12.8
Hexes          | 1 2 3 4 6 7 8 9 |  9.8
Short Blades   | 3 4 5 6 7 9 10 | 10.8
Ranged Weapons | 1 2 3 5 6 7 8 10 | 10.7
Ice Magic      | 1 2 3 4 5 6 |  6.9
Invocations    | 1 2 3 4 5 6 7 |  7.5
Evocations     | 1 2 3 |  3.0
Armour         | 1 2 3 |  3.0
Shields        | 1 2 3 4 5 6 |  6.0

Action                     |  1- 3 |  4- 6 |  7- 9 | 10-12 | 13-15 | 16-18 || total
---------------------------+-------+-------+-------+-------+-------+-------++-------
  Melee: Short sword       |   151 |   113 |     3 |    33 |    10 |    31 ||   341
         Punch             |     1 |     4 |     1 |     7 |       |       ||    13
         Dagger            |       |    42 |   239 |   667 |   714 |   214 ||  1876
   Fire: Sling             |       |   141 |   253 |   267 |   112 |       ||   773
         Hand crossbow     |       |       |       |       |   534 |    66 ||   600
  Throw: Stone             |    15 |       |       |       |       |       ||    15
         Boomerang         |     2 |       |     9 |    38 |    16 |       ||    65
         Dart              |     6 |     6 |    41 |    76 |    55 |       ||   184
         Throwing net      |       |       |       |       |     1 |       ||     1
   Cast: Blink             |       |       |     1 |     1 |       |       ||     2
         Ensorcelled Hiber |       |       |       |    82 |    92 |     1 ||   175
         Teleport Other    |       |       |       |     2 |       |       ||     2
         Manifold Assault  |       |       |       |       |   229 |    72 ||   301
         Frozen Ramparts   |       |       |       |       |     1 |       ||     1
 Invoke: Wall of Briars    |       |       |       |     3 |       |       ||     3
  Evoke: Wand              |       |       |     2 |    20 |    12 |     5 ||    39
    Use: Scroll            |     4 |     4 |    14 |     6 |    11 |     7 ||    46
         Potion            |       |     1 |     2 |     5 |     7 |     6 ||    21
   Stab: Sleeping          |     2 |     2 |    10 |    50 |    46 |     2 ||   112
         Distracted        |       |       |     2 |       |     2 |       ||     4
         Petrified         |       |       |       |     1 |       |       ||     1
         Held in net/web   |       |       |       |       |     1 |       ||     1
 Armour: Robe              |    18 |    24 |    24 |     4 |    12 |    16 ||    98
         Steam dragon scal |       |       |       |    51 |    21 |       ||    72
         Skin              |       |       |       |       |       |    15 ||    15
  Dodge: Dodged            |   137 |   143 |   226 |   612 |   488 |   191 ||  1797
         Repelled          |       |       |       |     1 |     5 |       ||     6
  Block: Buckler           |       |       |       |    35 |   167 |    87 ||   289

Table legend: (Time is in decaauts)
 A = Elapsed time spent in this place.
 B = Non-inter-level travel time spent in this place.
 C = Inter-level travel time spent in this place.
 D = Time resting spent in this place.
 E = Time spent auto-exploring this place.
 F = Levels seen in this place.
 G = Mean time per level.
                   A        B        C        D        E       F      G
               +--------+--------+--------+--------+--------+-----+--------+
         Total |  31295 |  29606 |   1689 |   9481 |  11487 |  28 | 1117.7 |
       Dungeon |  14330 |  13351 |    979 |   3516 |   5884 |  15 |  955.3 |
        Temple |      9 |      6 |      3 |      0 |      0 |   1 |    9.0 |
          Lair |   8270 |   7790 |    480 |   2520 |   2766 |   5 | 1654.0 |
   Spider Nest |   6438 |   6264 |    174 |   3048 |   2067 |   4 | 1609.5 |
  Orcish Mines |   1854 |   1803 |     51 |    356 |    754 |   2 |  927.0 |
        Bailey |    391 |    391 |      0 |     39 |     15 |   1 |  391.0 |
               +--------+--------+--------+--------+--------+-----+--------+

Top non-repeatable levels by time:
Spider:3: 2745 daAuts
     D:9: 2233 daAuts
Spider:2: 2161 daAuts
  Lair:4: 2064 daAuts
  Lair:3: 2004 daAuts
     D:8: 1616 daAuts
  Lair:2: 1605 daAuts
Spider:1: 1507 daAuts
  Lair:5: 1427 daAuts
  Lair:1: 1168 daAuts
    D:12: 1130 daAuts
    D:11: 1090 daAuts
   Orc:1: 946 daAuts
   Orc:2: 908 daAuts
     D:4: 905 daAuts
